Map: Lockdown LE

Players

naane - Winner!

  • Race: Protoss Protoss

VOD

Have the link to the VOD?

Description

Time

  • Played on: Aug. 22, 2026, 5:31 p.m.
  • Length: 16:02
Show
View Real Time Build Order
Export as new Build Order

naane Protoss - Winner!

Build Orders:  

Get SALT Encoding   

  8  0:01  Probe (Chrono Boost)  
  9  0:12  Probe (Chrono Boost)  
  10  0:24  Probe (Chrono Boost)  
  12  0:41  Probe (Chrono Boost)  
  12  0:52  Pylon  
  12  0:58  Probe (Chrono Boost)  
  13  1:19  Probe (Chrono Boost)  
  14  1:31  Gateway  
  14  1:36  Probe (Chrono Boost)  
  15  1:51  Probe (Chrono Boost)  
  15  1:52  Assimilator  
  16  2:02  Probe (Chrono Boost)  
  16  2:09  Pylon  
  17  2:13  Probe (Chrono Boost)  
  19  2:30  Probe (Chrono Boost)  
  19  2:38  Cybernetics Core  
  19  2:45  Pylon  
  19  2:47  Probe (Chrono Boost)  
  20  2:51  Zealot  
  22  3:04  Probe (Chrono Boost)  
  23  3:11  Assimilator  
  23  3:17  Probe (Chrono Boost)  
  23  3:21  Pylon  
  23  3:29  Probe (Chrono Boost)  
  24  3:36  Stalker  
  27  3:53  Probe (Chrono Boost)  
  29  4:10  Probe (Chrono Boost)  
  29  4:14  Stalker  
  29  4:18  Gateway  
  31  4:27  Probe (Chrono Boost)  
  32  4:45  Probe (Chrono Boost)  
  32  4:46  Pylon  
  33  4:50  Warp Gate  
  33  4:52  Stalker  
  35  5:14  Probe (Chrono Boost)  
  35  5:16  Nexus  
  36  5:29  Forge  
  38  5:43  Zealot  
  40  6:00  Pylon  
  40  6:09  Probe (Chrono Boost)  
  40  6:19  Unknown  
  41  6:21  Probe (Chrono Boost)  
  41  6:28  Gateway  
  42  6:38  Probe (Chrono Boost)  
  43  6:42  Pylon  
  43  6:45  Pylon  
  43  6:55  Probe (Chrono Boost)  
  44  7:06  Probe (Chrono Boost)  
  46  7:11  Probe (Chrono Boost)  
  46  7:18  Probe (Chrono Boost)  
  46  7:26  Probe  
  46  7:28  Probe  
  48  7:30  Protoss Ground Weapons Level 1 (Chrono Boost)  
  48  7:34  Assimilator  
  48  7:37  Assimilator  
  49  7:42  Robotics Facility  
  49  7:46  Gateway  
  49  7:48  Gateway  
  49  8:06  Gateway  
  49  8:11  Probe  
  49  8:12  Probe  
  51  8:22  Stalker x3  
  51  8:28  Probe  
  58  8:37  Pylon  
  58  8:38  Probe  
  59  8:41  Pylon  
  59  8:47  Pylon  
  59  8:55  Probe  
  59  8:56  Probe  
  61  9:00  Warp Prism  
  63  9:12  Probe  
  63  9:13  Probe  
  61  9:32  Zealot x3  
  61  9:33  Zealot x2  
  61  9:35  Zealot  
  47  10:12  Zealot x4  
  47  10:13  Zealot x2  
  47  10:31  Probe x2  
  49  10:48  Probe x2  
  51  10:52  Twilight Council  
  51  10:57  Stalker x2  
  51  10:58  Stalker  
  57  11:07  Probe x2  
  59  11:23  Gateway  
  59  11:24  Probe  
  59  11:26  Probe  
  61  11:45  Nexus  
  61  11:54  Stalker  
  61  11:55  Stalker  
  61  11:58  Stalker  
  67  12:13  Pylon  
  67  12:17  Pylon  
  67  12:21  Pylon  
  67  12:39  Zealot x3  
  65  12:40  Zealot x3  
  55  13:21  Stalker x2  
  55  13:22  Stalker x4  
  65  13:36  Probe  
  65  13:37  Probe  
  67  13:43  Probe  
  68  13:53  Probe x2  
  70  14:01  Gateway  
  70  14:04  Gateway  
  70  14:06  Gateway  
  70  14:16  Photon Cannon  
  68  14:26  Stalker x4  
  68  14:27  Stalker  
  74  15:10  Zealot x2  
  74  15:11  Zealot x3  
  74  15:12  Zealot x2  
Tags
 
Add a new tag
Caveats
  • Supply blocks, unpowered buildings, or Contaminate may cause inaccurate times.
  • Supply counts are checked every 10 seconds.